 Dungeon Sprint DCSS version 0.19-a0-1792-g28b16ba (webtiles) character file.

58 jerryfan the Gusty (level 3, -9/26 HPs)
             Began as a Draconian Air Elementalist on Oct 4, 2016.
             Mangled by a water elemental (18 damage)
             ... in the Dungeon (Sprint III: "The Ten Rune Challenge").
             The game lasted 00:03:07 (470 turns).

jerryfan the Gusty (Draconian Air Elementalist)      Turns: 470, Time: 00:03:07

Health: -9/26      AC:  5    Str: 10    XL:     3   Next: 75%
Magic:  3/7        EV: 13    Int: 16    God:
Gold:   5          SH:  0    Dex: 11    Spells: 1 memorised, 7 levels left

rFire  . . .     SeeInvis .     k - +1 dagger (drain)
rCold  . . .     Gourm    .     (armour unavailable)
rNeg   . . .     Faith    .     (no shield)
rPois  .         Spirit   .     (helmet restricted)
rElec  .         Dismiss  .     (no cloak)
rCorr  .         Reflect  .     (no gloves)
MR     .....     Harm     .     (no boots)
Stlth  ++........ NoTele   +    (no amulet)
                                (no ring)
                                (no ring)

@: no status effects
A: unfitting armour, cold-blooded, AC +5
a: no special abilities


You were in the Dungeon.
You were not hungry.

You visited 1 branch You collected 5 gold pieces.

Inventory:

Hand Weapons
 k - a +1 dagger of draining (weapon)
Scrolls
 h - a scroll of blinking
Potions
 c - a potion of curing
 d - a potion of heal wounds
 e - a potion of haste
 f - 2 potions of magic
 g - a potion of berserk rage
Books
 a - a book of Air

   Spells                             Type                      Level
   a - Shock                          Conjuration/Air              1
   b - Swiftness                      Charms/Air                   2
   c - Repel Missiles                 Charms/Air                   2
   d - Static Discharge               Conjuration/Air              3
   e - Lightning Bolt                 Conjuration/Air              5
Comestibles
 b - a bread ration
 i - a beef jerky


   Skills:
 + Level 0.2 Fighting
 + Level 2.9 Dodging
 + Level 3.1 Stealth
 + Level 1.7 Unarmed Combat
 + Level 3.1 Spellcasting
 + Level 1.2 Conjurations
 + Level 6.0 Air Magic


You had 7 spell levels left.
You knew the following spells:

 Your Spells              Type           Power        Failure   Level  Hunger
a - Shock                 Conj/Air       ##..         6%          1    None


Dungeon Overview and Level Annotations

Branches:
Dungeon (1/1)

Altars:


Innate Abilities, Weirdness & Mutations

Your plain brown scales are hard. (AC +5)
You cannot fit into any form of body armour.
You are cold-blooded and may be slowed by cold attacks.


Message History

The zap hits the water elemental.
The water elemental resists.
The water elemental is moderately damaged.
The water elemental barely misses you.
Casting: Shock
Confirm with . or Enter, or press ? or * to list all spells.
Aiming: Shock
Press: ? - help, Shift-Dir - straight line, f/p - water elemental
Aim: a water elemental (moderately damaged)
The zap hits the water elemental.
The water elemental completely resists.
The water elemental is moderately damaged.
The water elemental hits you!
The water elemental engulfs you in water!
You cannot cast spells while unable to breathe!
Unknown command.
Unknown command.
With effort, you pull free of the water engulfing you.
You gasp with relief as air once again reaches your lungs.
The water elemental hits you!!
Ouch! That really hurt!
You die...

▓▓▓ ▓▓▓ <.# ♣.# ..# ....
♣.# #'####....♣ ♣♣@#
.....#....≈♣♣♣♣.E# #+#+#
.....#...≈≈♣.♣...#......
.....#..≈≈≈≈♣....'.⌠....
####'#..≈≈≈≈≈≈♣..#...###
.....#.≈≈≈≈≈≈....#.⌠.#
.....#.≈≈≈≈≈.....# ..#
...[.#.≈≈≈.......# ###
'#####...........#


You could see a water elemental.

Vanquished Creatures
  Jessica (D)
  A human (D)
  2 oozes (D)
  A phantom (D)
  A rat (D)
6 creatures vanquished.

Vanquished Creatures (others)
  2 draconian scorchers (D)
  6 hellions (D)
  A yaktaur (D)
  A plant (D)
10 creatures vanquished.

Grand Total: 16 creatures vanquished

Notes
Turn   | Place    | Note
-------+----------+-------------------------------------------
     0 | D        | jerryfan the Draconian Air Elementalist began the quest for the Orb.
     0 | D        | Reached XP level 1. HP: 14/14 MP: 3/3
    18 | D        | Reached skill level 4 in Air Magic
    18 | D        | Reached XP level 2. HP: 11/20 MP: 5/5
    65 | D        | Killed a hellion
    67 | D        | Killed a hellion
   118 | D        | Killed a hellion
   121 | D        | Killed a hellion
   121 | D        | Killed a hellion
   153 | D        | Killed a yaktaur
   169 | D        | Noticed Jessica
   171 | D        | Killed Jessica
   171 | D        | Reached skill level 1 in Unarmed Combat
   171 | D        | Reached skill level 5 in Air Magic
   171 | D        | Reached XP level 3. HP: 26/26 MP: 4/7
   191 | D        | Killed a white draconian scorcher
   278 | D        | Killed a white draconian scorcher
   305 | D        | Killed a hellion
   393 | D        | Reached skill level 6 in Air Magic
   459 | D        | Noticed a water elemental
   470 | D        | Mangled by a water elemental

Vault maps used:
D:        dungeon_sprint_mu

Skill      XL: |  1  2  3 |
---------------+----------+-----
Dodging        | 2 |  2.9
Stealth        | 2 3 |  3.1
Air Magic      | 4 5 6 |  6.0
Unarmed Combat | 1 |  1.7
Spellcasting   | 3 |  3.1
Fighting       | |  0.2
Conjurations   | |  1.2

Action                   || total
-------------------------++-------
Melee: Unarmed           ||    15
       Tailslap          ||     3
       Dagger            ||    19
 Cast: Shock             ||    19
 Stab: Sleeping          ||     1
Armor: Skin              ||    13
Dodge: Dodged            ||    25
